General information
- name: BNet
- type: Ladder team game (AT/RT)
- host: Battle.net
- saver: SoWeird
map: TwilightRuins_LV
- players: 8
- length: 48:37
- speed: Fast
- version: 1.29 W3XP
- replay type: Public
» download(463 KB)
Players
team 1 (loser)

»
66Joe66 (
yellow | 47 APM | 1952 actions | 41:28)
3 Death Knight
1 Death Coil
2 Unholy Aura
1 Lich
1 Frost Nova
» actions
| Assign group hotkey | 14 | |
| Basic commands | 23 | |
| Build / train | 47 | |
| Enter build submenu | 16 | |
| Enter hero's abilities submenu | 4 | |
| Right click | 1151 | |
| Select / deselect | 359 | |
| Select group hotkey | 282 | |
| Use ability | 55 | |
1952 total
» units
| Acolyte | 12 | |
| Ghoul | 3 | |
| Crypt Fiend | 10 | |
| Obsidian Statue | 1 | |
26 total
» upgrades
| Creature Attack | 1 | |
| Web | 1 | |
| Burrow | 1 | |
3 total
» buildings
| Ziggurat | 7 | |
| Altar of Darkness | 1 | |
| Crypt | 1 | |
| Graveyard | 1 | |
| Tomb of Relics | 1 | |
| Nerubian Tower | 3 | |
| Halls of the Dead | 1 | |
| Spirit Tower | 2 | |
| Black Citadel | 1 | |
| Sacrificial Pit | 1 | |
| Slaughterhouse | 1 | |
20 total
» build order
00:09 Ziggurat
00:16 Altar of Darkness
00:38 Crypt
01:00 Graveyard
01:23 Tomb of Relics
03:26 Nerubian Tower
04:04 Halls of the Dead
04:05 Ziggurat
05:07 Spirit Tower
06:14 Ziggurat
06:17 Ziggurat
07:13 Spirit Tower
07:16 Ziggurat
07:34 Ziggurat
08:37 Black Citadel
11:00 Sacrificial Pit
11:11 Slaughterhouse
11:36 Ziggurat
12:39 Nerubian Tower
13:39 Nerubian Tower
» items
| Rod of Necromancy | 2 | |
| Orb of Corruption | 1 | |
3 total
SoWeird (
pink | 55 APM | 2652 actions | 48:37)
8 Blademaster
3 Wind Walk
3 Critical Strike
1 Bladestorm
1 Mirror Image
» actions
| Assign group hotkey | 51 | |
| Basic commands | 109 | |
| Build / train | 97 | |
| Enter build submenu | 57 | |
| Enter hero's abilities submenu | 8 | |
| Give item / drop item | 23 | |
| Remove unit from queue | 2 | |
| Right click | 1187 | |
| Select / deselect | 477 | |
| Select group hotkey | 472 | |
| Use ability | 167 | |
2652 total
» units
| Peon | 13 | |
| Grunt | 4 | |
| Goblin Shredder | 1 | |
| Goblin Zeppelin | 2 | |
| Troll Batrider | 4 | |
| Goblin Sapper | 7 | |
| Wind Rider | 3 | |
| Raider | 3 | |
37 total
» upgrades
| Armor | 3 | |
| Ranged Weapons | 3 | |
| Reinforced Defenses | 1 | |
| Troll Regeneration | 1 | |
| Liquid Fire | 1 | |
| Envenomed Spears | 1 | |
| Ensnare | 1 | |
| Melee Weapons | 2 | |
| Pillage | 1 | |
| Spiked Barricades | 1 | |
15 total
» buildings
| Orc Burrow | 5 | |
| Altar of Storms | 1 | |
| Barracks | 2 | |
| Voodoo Lounge | 1 | |
| Stronghold | 1 | |
| War Mill | 2 | |
| Great Hall | 6 | |
| Watch Tower | 44 | |
| Fortress | 1 | |
| Beastiary | 4 | |
67 total
» build order
00:11 Orc Burrow
01:03 Altar of Storms
01:05 Barracks
01:06 Barracks
01:20 Orc Burrow
02:01 Voodoo Lounge
02:55 Stronghold
04:36 War Mill
05:05 Great Hall
06:09 Orc Burrow
06:18 Watch Tower
06:18 Watch Tower
06:18 Watch Tower
06:19 Watch Tower
07:38 Watch Tower
07:39 Watch Tower
07:40 Watch Tower
09:06 Fortress
10:35 Beastiary
10:36 Beastiary
10:37 Beastiary
12:36 Beastiary
12:39 War Mill
18:57 Orc Burrow
18:59 Orc Burrow
19:14 Watch Tower
19:14 Watch Tower
19:15 Watch Tower
19:16 Watch Tower
19:16 Watch Tower
19:28 Watch Tower
19:29 Watch Tower
19:30 Watch Tower
19:31 Watch Tower
19:33 Watch Tower
19:33 Watch Tower
22:05 Great Hall
22:47 Great Hall
23:33 Great Hall
23:36 Watch Tower
23:37 Watch Tower
23:38 Watch Tower
24:19 Watch Tower
24:21 Watch Tower
24:21 Watch Tower
24:22 Watch Tower
24:23 Watch Tower
26:55 Watch Tower
26:58 Watch Tower
33:27 Great Hall
40:06 Great Hall
40:09 Watch Tower
40:09 Watch Tower
40:10 Watch Tower
40:11 Watch Tower
40:16 Watch Tower
40:16 Watch Tower
40:17 Watch Tower
40:18 Watch Tower
41:51 Watch Tower
41:52 Watch Tower
41:53 Watch Tower
42:00 Watch Tower
42:01 Watch Tower
42:04 Watch Tower
42:05 Watch Tower
42:06 Watch Tower
» items
| Healing Salve | 7 | |
| Staff of Teleportation | 1 | |
| Orb of Lightning | 1 | |
| Potion of Mana | 5 | |
| Lesser Clarity Potion | 4 | |
| Scroll of Protection | 1 | |
| Scroll of Town Portal | 3 | |
| Potion of Healing | 3 | |
| Periapt of Vitality | 1 | |
| Claws of Attack +12 | 1 | |
| Helm of Valor | 2 | |
| Cloak of Flames | 1 | |
| Hood of Cunning | 1 | |
| Legion Doom-Horn | 1 | |
32 total
mencriss (
orange | 39 APM | 1631 actions | 42:02)
6 Mountain King
1 Thunder Clap
3 Storm Bolt
1 Bash
1 Avatar
3 Paladin
2 Holy Light
1 Devotion Aura
» actions
| Basic commands | 1 | |
| Build / train | 78 | |
| Enter build submenu | 35 | |
| Enter hero's abilities submenu | 10 | |
| Remove unit from queue | 2 | |
| Right click | 1051 | |
| Select / deselect | 340 | |
| Use ability | 114 | |
1631 total
» units
| Peasant | 22 | |
| Rifleman | 10 | |
| Makrura Deepseer | 2 | |
| Mur'gul Snarecaster | 1 | |
| Gryphon Rider | 9 | |
| Dragonhawk Rider | 1 | |
45 total
» upgrades
| Gunpowder | 2 | |
| Armor | 1 | |
| Lumber Harvesting | 1 | |
| Masonry | 1 | |
| Storm Hammers | 1 | |
6 total
» buildings
| Barracks | 1 | |
| Altar of Kings | 1 | |
| Lumber Mill | 1 | |
| Farm | 15 | |
| Blacksmith | 1 | |
| Scout Tower | 7 | |
| Guard Tower | 7 | |
| Town Hall | 1 | |
| Keep | 1 | |
| Castle | 2 | |
| Gryphon Aviary | 3 | |
| Arcane Vault | 1 | |
41 total
» build order
00:10 Barracks
00:18 Altar of Kings
00:27 Lumber Mill
00:59 Farm
01:37 Farm
02:03 Blacksmith
02:14 Farm
02:59 Scout Tower
03:02 Scout Tower
03:05 Farm
03:08 Farm
03:56 Guard Tower
04:44 Town Hall
04:54 Scout Tower
04:57 Scout Tower
05:08 Scout Tower
05:14 Scout Tower
05:22 Guard Tower
05:26 Guard Tower
05:44 Guard Tower
06:09 Guard Tower
06:11 Farm
07:13 Keep
08:51 Farm
10:39 Castle
10:39 Castle
10:49 Farm
11:00 Gryphon Aviary
12:30 Scout Tower
12:37 Gryphon Aviary
12:39 Gryphon Aviary
13:29 Guard Tower
13:29 Guard Tower
15:47 Farm
16:13 Farm
16:15 Farm
16:17 Farm
16:19 Farm
16:22 Farm
16:27 Farm
16:46 Arcane Vault
» items
| Potion of Mana | 1 | |
| Scroll of Town Portal | 1 | |
2 total

»
jams (
purple | 44 APM | 2156 actions | 48:37)
6 Dark Ranger
3 Black Arrow
2 Life Drain
1 Charm
1 Death Knight
1 Death Coil
» actions
| Assign group hotkey | 28 | |
| Basic commands | 216 | |
| Build / train | 98 | |
| ESC pressed | 12 | |
| Enter build submenu | 39 | |
| Enter hero's abilities submenu | 7 | |
| Right click | 562 | |
| Select / deselect | 447 | |
| Select group hotkey | 663 | |
| Use ability | 84 | |
2156 total
» units
| Acolyte | 30 | |
| Ghoul | 10 | |
| Crypt Fiend | 18 | |
| Frost Wyrm | 3 | |
| Obsidian Statue | 7 | |
| Gargoyle | 6 | |
74 total
» upgrades
| Creature Attack | 2 | |
| Creature Carapace | 2 | |
| Web | 1 | |
| Freezing Breath | 1 | |
| Destroyer Form | 1 | |
7 total
» buildings
| Ziggurat | 12 | |
| Crypt | 4 | |
| Altar of Darkness | 1 | |
| Graveyard | 1 | |
| Halls of the Dead | 1 | |
| Tomb of Relics | 1 | |
| Black Citadel | 1 | |
| Sacrificial Pit | 1 | |
| Necropolis | 1 | |
| Boneyard | 3 | |
| Slaughterhouse | 1 | |
27 total
» build order
00:07 Ziggurat
00:08 Crypt
00:35 Altar of Darkness
01:26 Ziggurat
02:33 Ziggurat
04:42 Ziggurat
04:51 Graveyard
06:28 Halls of the Dead
07:53 Ziggurat
07:54 Ziggurat
07:59 Tomb of Relics
08:01 Ziggurat
09:47 Black Citadel
09:50 Sacrificial Pit
10:01 Necropolis
10:11 Ziggurat
12:27 Boneyard
12:28 Boneyard
12:29 Boneyard
17:01 Ziggurat
17:04 Ziggurat
18:11 Slaughterhouse
22:16 Ziggurat
36:56 Crypt
36:56 Crypt
36:57 Crypt
37:36 Ziggurat
» items
| Scroll of Town Portal | 3 | |
| Potion of Healing | 1 | |
| Potion of Mana | 1 | |
5 total
team 2 (winner)

»
120.e7 (
blue | 83 APM | 4028 actions | 48:37)
7 Archmage
2 Summon Water Elemental
2 Brilliance Aura
2 Blizzard
1 Mass Teleport
4 Blood Mage
2 Flame Strike
2 Siphon Mana
» actions
| Assign group hotkey | 58 | |
| Basic commands | 151 | |
| Build / train | 101 | |
| Enter build submenu | 39 | |
| Enter hero's abilities submenu | 10 | |
| Give item / drop item | 2 | |
| Remove unit from queue | 3 | |
| Right click | 1270 | |
| Select / deselect | 623 | |
| Select group hotkey | 1625 | |
| Use ability | 146 | |
4028 total
» units
| Peasant | 21 | |
| Rifleman | 21 | |
| Sorceress | 4 | |
| Priest | 2 | |
| Siege Engine | 5 | |
53 total
» upgrades
| Masonry | 2 | |
| Gunpowder | 3 | |
| Long Rifles | 1 | |
| Armor | 3 | |
| Lumber Harvesting | 1 | |
| Sorceress Training | 2 | |
| Priest Training | 2 | |
| Barrage | 1 | |
15 total
» buildings
| Altar of Kings | 1 | |
| Farm | 15 | |
| Scout Tower | 6 | |
| Arcane Tower | 1 | |
| Barracks | 1 | |
| Blacksmith | 1 | |
| Arcane Vault | 1 | |
| Town Hall | 3 | |
| Lumber Mill | 1 | |
| Keep | 1 | |
| Guard Tower | 2 | |
| Arcane Sanctum | 2 | |
| Castle | 1 | |
| Workshop | 4 | |
40 total
» build order
00:02 Altar of Kings
00:08 Farm
00:47 Scout Tower
01:20 Arcane Tower
02:05 Barracks
02:07 Blacksmith
02:51 Farm
03:15 Farm
04:04 Arcane Vault
04:05 Farm
05:16 Town Hall
05:53 Farm
06:09 Lumber Mill
06:12 Farm
07:19 Keep
08:29 Farm
08:49 Scout Tower
08:53 Farm
09:22 Guard Tower
10:36 Arcane Sanctum
10:36 Arcane Sanctum
11:26 Farm
12:37 Castle
15:25 Scout Tower
15:25 Scout Tower
15:26 Scout Tower
15:27 Scout Tower
16:15 Guard Tower
16:26 Farm
16:26 Farm
17:28 Farm
19:35 Workshop
19:35 Workshop
19:37 Workshop
20:36 Workshop
21:39 Town Hall
22:28 Farm
22:29 Farm
25:54 Town Hall
28:54 Farm
» items
| Scroll of Regeneration | 4 | |
| Scroll of Healing | 3 | |
| Tome of Retraining | 1 | |
| Scroll of Town Portal | 1 | |
| Potion of Healing | 2 | |
11 total
THKINGOFPTCH129 (
red | 88 APM | 4287 actions | 48:37)
9 Archmage
3 Summon Water Elemental
3 Brilliance Aura
2 Blizzard
1 Mass Teleport
7 Blood Mage
3 Flame Strike
2 Banish
1 Summon Phoenix
1 Siphon Mana
» actions
| Assign group hotkey | 103 | |
| Basic commands | 312 | |
| Build / train | 199 | |
| ESC pressed | 4 | |
| Enter build submenu | 70 | |
| Enter hero's abilities submenu | 17 | |
| Give item / drop item | 22 | |
| Right click | 1065 | |
| Select / deselect | 708 | |
| Select group hotkey | 1416 | |
| Use ability | 371 | |
4287 total
» units
| Peasant | 13 | |
| Footman | 4 | |
| Rifleman | 3 | |
| Goblin Shredder | 4 | |
| Sorceress | 3 | |
| Goblin Sapper | 5 | |
| Gryphon Rider | 7 | |
| Dragonhawk Rider | 3 | |
| Flying Machine | 12 | |
| Goblin Zeppelin | 2 | |
| Priest | 2 | |
| Mortar Team | 1 | |
59 total
» upgrades
| Masonry | 3 | |
| Gunpowder | 3 | |
| Sorceress Training | 3 | |
| Long Rifles | 1 | |
| Armor | 3 | |
| Lumber Harvesting | 1 | |
| Swords | 3 | |
| Priest Training | 2 | |
| Storm Hammers | 1 | |
| Cloud | 1 | |
| Control Magic | 1 | |
| Plating | 3 | |
| Flak Cannons | 1 | |
| Flying Machine Bombs | 1 | |
| Barrage | 1 | |
| Fragmentation Shards | 1 | |
| Flare | 1 | |
30 total
» buildings
| Altar of Kings | 1 | |
| Barracks | 1 | |
| Farm | 13 | |
| Arcane Vault | 1 | |
| Lumber Mill | 1 | |
| Keep | 2 | |
| Town Hall | 4 | |
| Scout Tower | 37 | |
| Blacksmith | 1 | |
| Arcane Tower | 2 | |
| Castle | 2 | |
| Arcane Sanctum | 2 | |
| Guard Tower | 42 | |
| Gryphon Aviary | 4 | |
| Workshop | 3 | |
116 total
» build order
00:56 Altar of Kings
01:00 Barracks
01:04 Farm
01:05 Farm
01:27 Farm
01:50 Arcane Vault
02:02 Farm
02:08 Lumber Mill
02:45 Farm
03:47 Keep
03:47 Keep
04:11 Town Hall
04:13 Scout Tower
05:56 Blacksmith
06:32 Arcane Tower
06:54 Castle
06:54 Castle
07:35 Farm
07:38 Arcane Sanctum
08:29 Scout Tower
08:30 Scout Tower
08:31 Scout Tower
08:36 Scout Tower
08:36 Scout Tower
08:37 Scout Tower
08:41 Scout Tower
08:46 Scout Tower
09:01 Guard Tower
09:02 Guard Tower
09:02 Guard Tower
09:02 Guard Tower
09:21 Guard Tower
09:21 Guard Tower
09:22 Guard Tower
09:22 Guard Tower
09:28 Guard Tower
09:28 Guard Tower
09:33 Scout Tower
09:34 Scout Tower
09:34 Scout Tower
10:29 Scout Tower
10:30 Scout Tower
10:55 Guard Tower
10:55 Guard Tower
10:55 Guard Tower
10:58 Guard Tower
11:00 Guard Tower
11:01 Guard Tower
11:20 Guard Tower
11:20 Guard Tower
12:53 Gryphon Aviary
12:55 Gryphon Aviary
12:59 Scout Tower
14:13 Guard Tower
20:09 Scout Tower
20:13 Farm
20:14 Farm
20:16 Gryphon Aviary
20:18 Gryphon Aviary
20:21 Farm
20:42 Guard Tower
20:42 Guard Tower
20:46 Scout Tower
20:47 Scout Tower
20:50 Scout Tower
20:51 Scout Tower
20:58 Farm
21:05 Scout Tower
21:06 Scout Tower
21:18 Guard Tower
21:18 Guard Tower
21:21 Workshop
21:25 Workshop
21:37 Guard Tower
21:37 Guard Tower
21:41 Workshop
21:46 Arcane Sanctum
21:51 Scout Tower
22:35 Guard Tower
22:35 Guard Tower
24:27 Farm
24:28 Farm
24:30 Farm
26:10 Town Hall
26:11 Scout Tower
26:11 Scout Tower
26:12 Scout Tower
26:13 Scout Tower
26:13 Scout Tower
27:05 Scout Tower
27:08 Scout Tower
27:08 Scout Tower
27:09 Scout Tower
27:10 Scout Tower
27:25 Guard Tower
27:25 Guard Tower
27:26 Guard Tower
27:26 Guard Tower
27:27 Guard Tower
27:27 Guard Tower
27:28 Guard Tower
27:40 Guard Tower
27:40 Guard Tower
27:57 Guard Tower
27:57 Guard Tower
28:01 Guard Tower
28:01 Guard Tower
28:51 Town Hall
38:04 Town Hall
38:05 Scout Tower
38:05 Scout Tower
38:06 Scout Tower
38:07 Scout Tower
38:47 Arcane Tower
38:48 Guard Tower
38:48 Guard Tower
» items
| Scroll of Regeneration | 6 | |
| Mechanical Critter | 9 | |
| Staff of Teleportation | 2 | |
| Periapt of Vitality | 1 | |
| Staff of Sanctuary | 1 | |
| Tome of Retraining | 1 | |
| Potion of Invisibility | 1 | |
| Scroll of Town Portal | 1 | |
| Pendant of Energy | 2 | |
| Potion of Greater Mana | 1 | |
| Ancient Janggo of Endurance | 1 | |
| Potion of Lesser Invulnerability | 1 | |
27 total
Its_Practice (
teal | 74 APM | 3209 actions | 43:09)
4 Warden
2 Fan of Knives
2 Blink
3 Pandaren Brewmaster
2 Breath of Fire
1 Drunken Haze
» actions
| Assign group hotkey | 41 | |
| Basic commands | 84 | |
| Build / train | 66 | |
| Enter build submenu | 17 | |
| Enter hero's abilities submenu | 10 | |
| Give item / drop item | 5 | |
| Right click | 1919 | |
| Select / deselect | 763 | |
| Select group hotkey | 165 | |
| Use ability | 133 | |
3209 total
» units
| Wisp | 13 | |
| Archer | 1 | |
| Dryad | 3 | |
| Druid of the Claw | 5 | |
| Priest | 10 | |
32 total
» upgrades
| Druid of the Claw Training | 2 | |
| Abolish Magic | 1 | |
| Strength of the Wild | 1 | |
| Reinforced Hides | 1 | |
| Mark of the Claw | 1 | |
6 total
» buildings
| Altar of Elders | 1 | |
| Ancient of War | 1 | |
| Moon Well | 4 | |
| Tree of Ages | 2 | |
| Hunter's Hall | 1 | |
| Ancient of Lore | 2 | |
| Tree of Eternity | 2 | |
| Ancient of Wonders | 1 | |
| Tree of Life | 2 | |
16 total
» build order
00:08 Altar of Elders
00:28 Ancient of War
00:47 Moon Well
01:42 Moon Well
02:56 Tree of Ages
02:57 Tree of Ages
03:16 Moon Well
03:41 Hunter's Hall
04:12 Moon Well
05:27 Ancient of Lore
05:27 Ancient of Lore
06:03 Tree of Eternity
06:13 Ancient of Wonders
07:19 Tree of Eternity
16:51 Tree of Life
18:16 Tree of Life
» items
| Boots of Speed | 1 | |
| Lesser Clarity Potion | 3 | |
| Moonstone | 1 | |
| Staff of Preservation | 2 | |
| Orb of Venom | 1 | |
| Anti-magic Potion | 1 | |
| Scroll of Town Portal | 1 | |
| Staff of Teleportation | 2 | |
| Potion of Mana | 1 | |
13 total
mooiamachicken (
green | 44 APM | 928 actions | 21:08)
4 Mountain King
2 Storm Bolt
2 Bash
2 Archmage
1 Summon Water Elemental
1 Brilliance Aura
» actions
| Assign group hotkey | 21 | |
| Basic commands | 180 | |
| Build / train | 62 | |
| Enter build submenu | 24 | |
| Enter hero's abilities submenu | 6 | |
| Give item / drop item | 3 | |
| Right click | 270 | |
| Select / deselect | 205 | |
| Select group hotkey | 97 | |
| Use ability | 60 | |
928 total
» units
| Peasant | 13 | |
| Footman | 8 | |
| Priest | 5 | |
| Spell Breaker | 2 | |
28 total
» upgrades
| Magic Sentry | 1 | |
| Priest Training | 2 | |
| Swords | 2 | |
| Plating | 2 | |
| Masonry | 1 | |
| Control Magic | 1 | |
| Sorceress Training | 1 | |
10 total
» buildings
| Altar of Kings | 1 | |
| Farm | 10 | |
| Barracks | 1 | |
| Scout Tower | 3 | |
| Arcane Tower | 1 | |
| Lumber Mill | 1 | |
| Arcane Vault | 1 | |
| Guard Tower | 4 | |
| Keep | 2 | |
| Blacksmith | 1 | |
| Town Hall | 3 | |
| Arcane Sanctum | 3 | |
| Castle | 1 | |
32 total
» build order
00:12 Altar of Kings
00:22 Farm
00:32 Barracks
00:54 Farm
01:33 Farm
01:58 Scout Tower
02:27 Farm
02:43 Arcane Tower
03:11 Lumber Mill
03:25 Farm
04:17 Scout Tower
04:59 Arcane Vault
05:01 Guard Tower
05:44 Keep
05:50 Blacksmith
06:28 Farm
07:57 Town Hall
08:27 Town Hall
08:46 Guard Tower
08:58 Arcane Sanctum
09:03 Arcane Sanctum
09:09 Arcane Sanctum
10:06 Guard Tower
10:28 Castle
15:25 Farm
15:28 Farm
15:31 Farm
15:34 Farm
17:16 Town Hall
19:02 Keep
19:45 Scout Tower
20:16 Guard Tower
» items
| Scroll of Regeneration | 1 | |
| Lesser Clarity Potion | 1 | |
| Ivory Tower | 5 | |
| Boots of Speed | 1 | |
8 total
Chat log
(00:07 / All) SoWeird: when does ladder reset
(00:11 / All) THKINGOFPTCH129: this new resolution has me fucked up
(00:14 / All) 120.e7: today i think
(00:17 / All) THKINGOFPTCH129: even after this being my 3rd game on it
(01:48 / All) SoWeird: They should go back to old resolution this is ghey
(03:11 / All) SoWeird: DIS WARCRAFT NOT STARCRAFT! NO JUSTICE NO PEACE
(03:17 / All) jams: they added a creep?!
(03:20 / All) THKINGOFPTCH129: apparently
(03:24 / All) Its_Practice: yea
(03:25 / All) THKINGOFPTCH129: just saw that myself
(03:29 / All) THKINGOFPTCH129: dunno the point of that
(03:37 / All) jams: i mean
(03:39 / All) THKINGOFPTCH129: better drop from expo creeps
(03:41 / All) jams: you could solo these mines
(03:48 / All) jams: but felt like the point of this map
(04:06 / All) THKINGOFPTCH129: more items from expo creeps too
(04:48 / All) THKINGOFPTCH129: wow
(04:49 / Allies) SoWeird: didn't mean to hit both big creeps
(04:54 / Allies) SoWeird: but got item and it auto hit
(04:56 / All) THKINGOFPTCH129: some spawns are fucked for goblin labs now
(05:13 / All) THKINGOFPTCH129: nvm
(05:25 / All) THKINGOFPTCH129: I don't know why they change this map at all
(05:27 / All) THKINGOFPTCH129: was perfect before
(05:29 / All) jams: yup
(05:32 / All) SoWeird: wtf no goblin labs!
(05:37 / All) THKINGOFPTCH129: check mid
(05:46 / All) THKINGOFPTCH129: I only noticed ones at right and left at first
(05:51 / All) THKINGOFPTCH129: there's some in mid too, weird placements for them
(06:28 / Allies) mencriss: purple
(07:45 / Allies) jams: look out
(10:29 / Allies) mencriss: b
(11:59 / Allies) SoWeird: orange ran lol
(15:32 / All) Its_Practice: ahh the bat pro
(15:35 / Allies) jams: welll
(15:37 / Allies) jams: a trade was made
(15:51 / Allies) mencriss: wood plz
(15:56 / Allies) mencriss: shit load griffon
(16:04 / Allies) jams: gold me some orange
(16:29 / Allies) jams: orange gold me plz
(16:34 / Allies) jams: i just gave you 1k lumb...
(18:12 / Allies) mencriss: thx
(19:56 / All) mooiamachicken: gg
(20:58 / All) Its_Practice: gg wp
(21:00 / All) jams: gg
(21:23 / All) Its_Practice: you'd think one outa the 3 hu would've went like tanks or morts
(21:33 / All) Its_Practice: red is having his fun tho
(21:34 / All) THKINGOFPTCH129: quit ur whining
(21:35 / All) THKINGOFPTCH129: noob elf
(21:45 / All) Its_Practice: ?
(21:54 / All) THKINGOFPTCH129: make more excuses plz
(22:00 / All) Its_Practice: umm
(22:01 / All) Its_Practice: sure
(22:03 / All) jams: gg tho
(22:05 / All) Its_Practice: aye gg
(22:07 / All) 66Joe66: 1v1 him bro?
(22:11 / All) Its_Practice: lol
(22:18 / All) Its_Practice: nah i'd rather go for the bro down
(22:19 / All) THKINGOFPTCH129: I did more than teal all game with heroes
(22:21 / All) THKINGOFPTCH129: pretty sure
(22:23 / Allies) mencriss: gg
(22:49 / All) jams: one of you definitely did more than the other
(22:57 / All) Its_Practice: defintely
(23:05 / All) THKINGOFPTCH129: ty for compliment
(23:05 / All) Its_Practice: btw you can sanctuary the BM
(23:06 / All) THKINGOFPTCH129: I know I did
(23:09 / All) Its_Practice: with AM then staff
(23:13 / All) THKINGOFPTCH129: yeah I know
(23:15 / All) THKINGOFPTCH129: thx
(23:18 / All) Its_Practice: then do the other vice versa
(23:20 / All) THKINGOFPTCH129: dont need advice from someone with no units
(23:40 / Allies) mencriss: fuck
(23:53 / All) Its_Practice: man blizz and fs would've ended orange outright there
(24:14 / All) THKINGOFPTCH129: ended several expos
(24:17 / All) THKINGOFPTCH129: more than u do all game
(24:24 / All) Its_Practice: oh most certainly
(24:33 / All) THKINGOFPTCH129: whiny noob
(24:47 / All) Its_Practice: i think you need to look up the definition for that one
(25:04 / Allies) mencriss: fuck lol
(25:13 / All) Its_Practice: oh the throws
(25:21 / All) Its_Practice: what happened to the bats?
(25:34 / All) THKINGOFPTCH129: Shops have better shit now
(25:38 / All) THKINGOFPTCH129: cloak of flames and jangos
(25:38 / All) THKINGOFPTCH129: nice
(25:41 / All) jams: damn
(25:44 / All) THKINGOFPTCH129: wonder why they changed that
(25:53 / All) jams: did anyone read the patch notes?
(26:00 / All) Its_Practice: on shops nope
(26:02 / All) 66Joe66: i can't read
(26:03 / All) Its_Practice: bm got nerfed tho
(26:03 / All) THKINGOFPTCH129: didn't list that change in them
(26:09 / All) Its_Practice: and so did MK
(26:16 / All) Its_Practice: but move speed buffs for lotsa heros
(26:20 / All) Its_Practice: 270 to 290
(27:03 / Allies) mencriss: pink make some bat ?
(27:04 / All) jams: and goblin merchants on sides not just markets
(27:13 / Allies) jams: pink can i get some gold?
(27:16 / All) Its_Practice: thers obs too
(28:00 / All) 66Joe66: nooo, not crypty the crypt fiend
(28:53 / Allies) mencriss: all unit
(28:56 / All) Its_Practice: lol pink
(28:57 / Allies) jams: pink is afk
(29:08 / Allies) jams: guess not
(29:12 / All) THKINGOFPTCH129: Teal staying ingame for the carry
(29:17 / All) Its_Practice: watching
(29:37 / All) Its_Practice: pink bats inc?
(29:41 / All) Its_Practice: nope wyvs
(30:45 / All) Its_Practice: red tk blue now
(30:51 / All) THKINGOFPTCH129: He was asking for it
(30:55 / All) Its_Practice: lol
(31:02 / All) 120.e7: I feel bad for red
(31:07 / All) Its_Practice: i do too
(31:11 / All) THKINGOFPTCH129: you should
(31:16 / All) THKINGOFPTCH129: was unlucky to have you and teal on my team
(31:23 / All) 120.e7: his life must really suck if he is having a power trip on a 15 year old game
(31:27 / All) Its_Practice: ikr
(31:32 / All) THKINGOFPTCH129: You aren't a team player
(31:36 / All) Its_Practice: lmao
(31:37 / All) THKINGOFPTCH129: I go to take a 2nd expo, queue towers
(31:41 / All) THKINGOFPTCH129: you refuse to listen and take mid right
(31:43 / All) Its_Practice: its too good
(31:47 / All) 120.e7: probably washes dishes
(31:47 / All) THKINGOFPTCH129: why are you so rude blue
(31:50 / All) THKINGOFPTCH129: it's not all about you
(32:05 / All) 120.e7: am i spot on ? you're miserable
(32:16 / All) THKINGOFPTCH129: keep dreaming
(32:17 / Allies) SoWeird: please cancel that one
(32:20 / Allies) jams: ok
(32:20 / Allies) SoWeird: it was mine and blue killed it
(32:29 / Allies) 66Joe66: pink you have 9k gold lol
(32:33 / Allies) jams: ahh
(33:25 / Allies) mencriss: make bat pink
(35:10 / Allies) mencriss: all
(37:56 / All) SoWeird: they shouldn't have tried to do too many changes at once really
(38:03 / Allies) jams: AGREED
(38:05 / All) SoWeird: balance should have came first or later
(38:12 / All) Its_Practice: hmm?
(38:13 / All) SoWeird: "balance"
(38:16 / All) Its_Practice: what you mean
(38:18 / All) Its_Practice: the bm nerf
(38:22 / All) Its_Practice: they nerfed his crit strike
(38:28 / All) THKINGOFPTCH129: bm nerf is a joke
(38:29 / All) SoWeird: the screen resolution etc
(38:31 / All) Its_Practice: to not multiply with items
(38:32 / All) THKINGOFPTCH129: only scrubs have problems with bm
(38:40 / All) Its_Practice: guess we should tell grubby
(38:43 / All) Its_Practice: that BM wasn' tOP
(38:44 / All) THKINGOFPTCH129: Sneaky nelf and ud players always whining about hu and orc
(38:52 / All) SoWeird: so these claws +12 are basically worthless?
(38:54 / All) THKINGOFPTCH129: good appeal to authority
(38:58 / All) THKINGOFPTCH129: Just listen to what the pros say
(39:02 / All) Its_Practice: yea its not x4 anymore on that
(39:13 / All) SoWeird: Hah
(39:15 / All) SoWeird: GAAAAAAAAAAAAAY
(39:20 / All) Its_Practice: haha
(39:21 / All) Its_Practice: well
(39:31 / All) Its_Practice: kind've hit to hard man
(39:34 / All) SoWeird: Two captain america masks instead
(39:36 / All) Its_Practice: espescially with back to back
(39:36 / Allies) mencriss: gold and unit
(39:48 / All) Its_Practice: crit strike isn't effected by spell dmg reduction either
(39:57 / All) Its_Practice: its like the full 200+ crit the hero is taking
(40:11 / All) jams: alright im afking til pink plays
(40:21 / All) THKINGOFPTCH129: it's just my on my ream
(40:22 / All) THKINGOFPTCH129: team
(40:23 / All) Its_Practice: yea he kind've just dicked around
(40:25 / All) THKINGOFPTCH129: make more excuses
(40:40 / All) Its_Practice: tho he did kill me
(40:41 / All) Its_Practice: wit bats
(40:43 / All) Its_Practice: to be fair
(40:59 / All) jams: its not that i don't think you're doing a fine job
(41:05 / All) jams: i just don't like dicking around for no reason
(41:37 / All) Its_Practice: how the fuck is this game still going tbh
(41:37 / All) THKINGOFPTCH129: standoff?
(41:43 / All) SoWeird: Aye
(42:21 / All) SoWeird: rate my bm items
(42:24 / All) THKINGOFPTCH129: Me and pink are friends, going to kill everything including our own units and leave no way for either team to finish the other
(42:26 / All) THKINGOFPTCH129: 0 food all around
(42:33 / All) THKINGOFPTCH129: you can all leave your pcs on for the win in a mexican standoff
(42:34 / All) THKINGOFPTCH129: sound fair?
(42:40 / All) THKINGOFPTCH129: that's sick
(42:44 / All) THKINGOFPTCH129: I love the new marketplace items
(42:56 / All) THKINGOFPTCH129: you all up for standoff?
(43:01 / All) THKINGOFPTCH129: You all have equal chances at victory
(44:25 / All) SoWeird: +12 agil
(44:45 / All) THKINGOFPTCH129: Too bad items don't stack on bm now
(44:47 / All) THKINGOFPTCH129: BS change
(44:51 / All) SoWeird: Yeah
(45:02 / All) THKINGOFPTCH129: No pros considered it overpowered
(45:11 / All) THKINGOFPTCH129: it's just the lowest level of reddit trash players that have trouble with bm
(45:16 / All) THKINGOFPTCH129: Like that player on our market game recently
(45:17 / All) SoWeird: Noob elves and Ud always whine when they don't have exact same advantages as hu/orc but never point out hteir own advantages
(45:27 / All) THKINGOFPTCH129: yeah the balance is asymmetrical
(45:30 / All) SoWeird: NERF UD NUKE!!!
(46:43 / All) THKINGOFPTCH129: the new marketplaces make me wish more maps had them even more
(46:53 / All) THKINGOFPTCH129: why didn't they make a market square LV with marketplaces
(48:17 / All) THKINGOFPTCH129: gl
(48:26 / All) SoWeird: Good luck, gents
(48:30 / All) THKINGOFPTCH129: don't have fun
(48:34 / All) SoWeird: Goodbye and fare well!